| TOP OF THE 1ST |
|
Charlotte Hornets batting - Pitching for Knoxville Blue Jays : RHP Jeff Russell
|
|
Pitching: RHP Jeff Russell
|
|
|
Batting: RHB Charles Stafford
|
0-0: Called Strike 0-1: Ball 1-1: Foul Ball, location: 2F 1-2: Strikes out looking
|
|
Batting: RHB Juan Bonilla
|
0-0: Ball 1-0: Fly out, F8 (Flyball, 78D, EV 90.6 MPH)
|
|
Batting: RHB Ron Johnson
|
0-0: Ball 1-0: Called Strike 1-1: Swinging Strike 1-2: Strikes out swinging
|
| Top of the 1st over - 0 runs, 0 hits, 0 errors, 0 left on base; Charlotte 0 - Knoxville 0 |
| BOTTOM OF THE 1ST |
|
Knoxville Blue Jays batting - Pitching for Charlotte Hornets : RHP Timothy Kammeyer
|
|
Pitching: RHP Timothy Kammeyer
|
|
|
Batting: RHB LaRue Washington
|
0-0: Ball 1-0: Called Strike 1-1: Ball 2-1: Foul Ball, location: 2F 2-2: Ball 3-2: Base on Balls
|
|
Batting: LHB Paul O'Neill
|
0-0: Called Strike 0-1: Foul Ball, location: 2F 0-2: Ball 1-2: SINGLE (Line Drive, 9S, EV 98.8 MPH) LaRue Washington to second Runner from 2nd tries for 3rd, SAFE, no throw by RF
|
|
Batting: RHB Jason Adams
|
0-0: Ball Paul O'Neill steals 2nd base 1-0: Called Strike 1-1: Foul Ball, location: 2F 1-2: Strikes out looking
|
|
Batting: RHB Hector Cruz
|
0-0: TRIPLE (Flyball, 78XD, EV 103.1 MPH) LaRue Washington scores Paul O'Neill scores
|
|
Batting: LHB Joe Bivins
|
0-0: Called Strike 0-1: Foul Ball, location: 2F 0-2: Foul Ball, location: 2F 0-2: Ball 1-2: Foul Ball, location: 2F 1-2: Ball 2-2: Fly out, F7 (Flyball, 78D, EV 88.1 MPH) Runner from 3rd tags up, SCORES, throw by LF
|
|
Batting: RHB Brian Asselstine
|
0-0: Foul Ball, location: 2F 0-1: Foul Ball, location: 2F 0-2: Ball 1-2: Foul Ball, location: 2F 1-2: Ball 2-2: Ball 3-2: Foul Ball, location: 2F 3-2: SINGLE (Groundball, 4D, EV 101.9 MPH)
|
|
Batting: LHB Danny Goodwin
|
0-0: Ball 1-0: Ball 2-0: Swinging Strike 2-1: Ball 3-1: Base on Balls Brian Asselstine to second
|
|
Batting: RHB Jerry Royster
|
0-0: Called Strike 0-1: Fly out, F3 (Line Drive, 3, EV 61.3 MPH)
|
| Bottom of the 1st over - 3 runs, 3 hits, 0 errors, 2 left on base; Charlotte 0 - Knoxville 3 |
| TOP OF THE 2ND |
|
Charlotte Hornets batting - Pitching for Knoxville Blue Jays : RHP Jeff Russell
|
|
Batting: RHB Tom Romano
|
0-0: Ball 1-0: Ball 2-0: Ball 3-0: Base on Balls
|
|
Batting: RHB Barry Lyons
|
0-0: Ball 1-0: Foul Ball, location: 2F 1-1: Ball 2-1: Ball 3-1: Fly out, F7 (Line Drive, 7, EV 104.4 MPH)
|
|
Batting: LHB Jesus Diaz
|
0-0: Ball 1-0: Fielders Choice at 2nd, 3-6 (Groundball, 3, EV 90.6 MPH)
|
|
Batting: RHB Alvaro Espinoza
|
0-0: Ball 1-0: Called Strike 1-1: Called Strike 1-2: Foul Ball, location: 2F 1-2: Fly out, F8 (Flyball, 8RM, EV 73.8 MPH)
|
| Top of the 2nd over - 0 runs, 0 hits, 0 errors, 1 left on base; Charlotte 0 - Knoxville 3 |
| BOTTOM OF THE 2ND |
|
Knoxville Blue Jays batting - Pitching for Charlotte Hornets : RHP Timothy Kammeyer
|
|
Batting: RHB Alex Taveras
|
0-0: Ball 1-0: Called Strike 1-1: Fly out, F5 (Line Drive, 5, EV 64.4 MPH)
|
|
Batting: RHB LaRue Washington
|
0-0: Called Strike 0-1: Ball 1-1: Foul Ball, location: 2F 1-2: Foul Ball, location: 2F 1-2: Ball 2-2: Ball 3-2: Strikes out swinging
|
|
Batting: LHB Paul O'Neill
|
0-0: Called Strike 0-1: Ball 1-1: Foul Ball, location: 2F 1-2: Strikes out swinging
|
| Bottom of the 2nd over - 0 runs, 0 hits, 0 errors, 0 left on base; Charlotte 0 - Knoxville 3 |
| TOP OF THE 3RD |
|
Charlotte Hornets batting - Pitching for Knoxville Blue Jays : RHP Jeff Russell
|
|
Batting: SHB Jose Mota
|
0-0: Ball 1-0: Swinging Strike 1-1: SINGLE (Line Drive, 7LS, EV 100.0 MPH)
|
|
Batting: RHB John O'Rear
|
0-0: Ball Jose Mota steals 2nd base (no throw) 1-0: Called Strike 1-1: Ground out U3 (Groundball, 13, EV 83.8 MPH) Jose Mota to third
|
|
Batting: RHB Charles Stafford
|
0-0: Ground out 4-3 (Groundball, 4M, EV 85.0 MPH) Jose Mota scores
|
|
Batting: RHB Juan Bonilla
|
0-0: Ball 1-0: Foul Ball, location: 2F 1-1: Ground out 4-3 (Groundball, 4S, EV 84.4 MPH)
|
| Top of the 3rd over - 1 run, 1 hit, 0 errors, 0 left on base; Charlotte 1 - Knoxville 3 |
| BOTTOM OF THE 3RD |
|
Knoxville Blue Jays batting - Pitching for Charlotte Hornets : RHP Timothy Kammeyer
|
|
Batting: RHB Jason Adams
|
0-0: Called Strike 0-1: Ball 1-1: Ball 2-1: Ball 3-1: Ground out U3 (Groundball, 3, EV 105.6 MPH)
|
|
Batting: RHB Hector Cruz
|
0-0: Ball 1-0: Called Strike 1-1: Fly out, F7 (Flyball, 7LM, EV 93.1 MPH)
|
|
Batting: LHB Joe Bivins
|
0-0: Ball 1-0: Called Strike 1-1: Ball 2-1: Ball 3-1: Base on Balls
|
|
Batting: RHB Brian Asselstine
|
0-0: Ball 1-0: Called Strike 1-1: Foul Ball, location: 2F 1-2: Foul Ball, location: 2F 1-2: Ball 2-2: Ball 3-2: Ground out 5-3 (Groundball, 56, EV 85.0 MPH)
|
| Bottom of the 3rd over - 0 runs, 0 hits, 0 errors, 1 left on base; Charlotte 1 - Knoxville 3 |
| TOP OF THE 4TH |
|
Charlotte Hornets batting - Pitching for Knoxville Blue Jays : RHP Jeff Russell
|
|
Batting: RHB Ron Johnson
|
0-0: Ground out 1-3 (Groundball, 15S, EV 70.6 MPH)
|
|
Batting: RHB Tom Romano
|
0-0: Ball 1-0: Ground out 6-3 (Groundball, 6M, EV 86.3 MPH)
|
|
Batting: RHB Barry Lyons
|
0-0: Foul Ball, location: 2F 0-1: Swinging Strike 0-2: Strikes out swinging
|
| Top of the 4th over - 0 runs, 0 hits, 0 errors, 0 left on base; Charlotte 1 - Knoxville 3 |
| BOTTOM OF THE 4TH |
|
Knoxville Blue Jays batting - Pitching for Charlotte Hornets : RHP Timothy Kammeyer
|
|
Batting: LHB Danny Goodwin
|
0-0: Ball 1-0: Foul Ball, location: 2F 1-1: Called Strike 1-2: Foul Ball, location: 2F 1-2: Ball 2-2: Ball 3-2: Base on Balls
|
|
Batting: RHB Jerry Royster
|
0-0: Ball 1-0: Ball 2-0: Ball 3-0: Called Strike 3-1: SINGLE (Line Drive, 6D, EV 96.3 MPH) Danny Goodwin to second
|
|
Batting: RHB Alex Taveras
|
0-0: Called Strike 0-1: Ball 1-1: Ball 2-1: Foul Ball, location: 2F 2-2: Strikes out swinging
|
|
Batting: RHB LaRue Washington
|
0-0: Ball 1-0: Ball 2-0: Called Strike 2-1: Swinging Strike 2-2: Grounds into double play, 5-4-3 (Groundball, 56, EV 105.0 MPH)
|
| Bottom of the 4th over - 0 runs, 1 hit, 0 errors, 1 left on base; Charlotte 1 - Knoxville 3 |
| TOP OF THE 5TH |
|
Charlotte Hornets batting - Pitching for Knoxville Blue Jays : RHP Jeff Russell
|
|
Batting: LHB Jesus Diaz
|
0-0: Called Strike 0-1: Called Strike 0-2: Fly out, F7 (Flyball, 78D, EV 93.1 MPH)
|
|
Batting: RHB Alvaro Espinoza
|
0-0: Called Strike 0-1: Ball 1-1: Ball 2-1: Ball 3-1: Ground out 1-3 (Groundball, P, EV 63.1 MPH)
|
|
Batting: SHB Jose Mota
|
0-0: Called Strike 0-1: Swinging Strike 0-2: Strikes out swinging
|
| Top of the 5th over - 0 runs, 0 hits, 0 errors, 0 left on base; Charlotte 1 - Knoxville 3 |
| BOTTOM OF THE 5TH |
|
Knoxville Blue Jays batting - Pitching for Charlotte Hornets : RHP Timothy Kammeyer
|
|
Batting: LHB Paul O'Neill
|
0-0: Ball 1-0: Called Strike 1-1: Fly out, F4 (Line Drive, 4, EV 65.6 MPH)
|
|
Batting: RHB Jason Adams
|
0-0: Ball 1-0: Ball 2-0: Swinging Strike 2-1: Ground out 5-3 (Groundball, 56, EV 86.9 MPH)
|
|
Batting: RHB Hector Cruz
|
0-0: Called Strike 0-1: Ball 1-1: Called Strike 1-2: Ball 2-2: Ball 3-2: Foul Ball, location: 2F 3-2: Fly out, F9 (Line Drive, 9D, EV 91.3 MPH)
|
| Bottom of the 5th over - 0 runs, 0 hits, 0 errors, 0 left on base; Charlotte 1 - Knoxville 3 |
| TOP OF THE 6TH |
|
Charlotte Hornets batting - Pitching for Knoxville Blue Jays : RHP Jeff Russell
|
|
Batting: RHB John O'Rear
|
0-0: Ball 1-0: Ball 2-0: Ground out 4-3 (Groundball, 4MS, EV 85.0 MPH)
|
|
Batting: RHB Charles Stafford
|
0-0: Ball 1-0: Called Strike 1-1: Foul Ball, location: 2F 1-2: Foul Ball, location: 2F 1-2: Ball 2-2: Ground out 5-3 (Groundball, 5, EV 103.1 MPH)
|
|
Batting: RHB Juan Bonilla
|
0-0: Ball 1-0: Foul Ball, location: 2F 1-1: Fly out, F4 (Line Drive, 4, EV 68.8 MPH)
|
| Top of the 6th over - 0 runs, 0 hits, 0 errors, 0 left on base; Charlotte 1 - Knoxville 3 |
| BOTTOM OF THE 6TH |
|
Knoxville Blue Jays batting - Pitching for Charlotte Hornets : RHP Timothy Kammeyer
|
|
Pitching: RHP Mark Saunders
|
|
|
Batting: LHB Joe Bivins
|
0-0: Ball 1-0: Ball 2-0: Called Strike 2-1: Called Strike 2-2: Ball 3-2: Strikes out looking
|
|
Batting: RHB Brian Asselstine
|
0-0: Fly out, F7 (Flyball, 7D, EV 101.9 MPH)
|
|
Batting: LHB Danny Goodwin
|
0-0: Ball 1-0: Ball 2-0: Called Strike 2-1: Swinging Strike 2-2: Foul Ball, location: 2F 2-2: SOLO HOME RUN (Line Drive, 9D, EV 103.8 MPH), Distance : 393 ft
|
|
Batting: RHB Jerry Royster
|
0-0: Foul Ball, location: 2F 0-1: Ball 1-1: SINGLE (Line Drive, 56D, EV 96.9 MPH)
|
|
Batting: RHB Alex Taveras
|
0-0: SINGLE (Line Drive, 9S, EV 101.9 MPH) Jerry Royster to second
|
|
Batting: RHB LaRue Washington
|
0-0: Foul Ball, location: 2F 0-1: Fly out, F8 (Flyball, 89D, EV 86.3 MPH)
|
| Bottom of the 6th over - 1 run, 3 hits, 0 errors, 2 left on base; Charlotte 1 - Knoxville 4 |
| TOP OF THE 7TH |
|
Charlotte Hornets batting - Pitching for Knoxville Blue Jays : RHP Jeff Russell
|
|
Batting: RHB Ron Johnson
|
0-0: Swinging Strike 0-1: Swinging Strike 0-2: Strikes out looking
|
|
Batting: RHB Tom Romano
|
0-0: Called Strike 0-1: Ball 1-1: Called Strike 1-2: Foul Ball, location: 2F 1-2: Ball 2-2: Ball 3-2: Foul Ball, location: 2F 3-2: Ground out 1-3 (Groundball, 13, EV 67.5 MPH)
|
|
Batting: RHB Barry Lyons
|
0-0: Called Strike 0-1: Called Strike 0-2: Ball 1-2: Ball 2-2: Foul Ball, location: 2F 2-2: Ball 3-2: Base on Balls
|
|
Batting: LHB Jesus Diaz
|
0-0: Foul Ball, location: 2F 0-1: Fly out, F9 (Line Drive, 9, EV 92.5 MPH)
|
| Top of the 7th over - 0 runs, 0 hits, 0 errors, 1 left on base; Charlotte 1 - Knoxville 4 |
| BOTTOM OF THE 7TH |
|
Knoxville Blue Jays batting - Pitching for Charlotte Hornets : RHP Mark Saunders
|
|
Batting: LHB Paul O'Neill
|
0-0: Ball 1-0: Ball 2-0: Fly out, F7 (Flyball, 7LS, EV 81.9 MPH)
|
|
Batting: RHB Jason Adams
|
0-0: Ball 1-0: Ground out 4-3 (Groundball, 4, EV 100.0 MPH)
|
|
Batting: RHB Hector Cruz
|
0-0: Foul Ball, location: 2F 0-1: Ball 1-1: Foul Ball, location: 2F 1-2: Ground out 4-3 (Groundball, 4, EV 102.5 MPH)
|
| Bottom of the 7th over - 0 runs, 0 hits, 0 errors, 0 left on base; Charlotte 1 - Knoxville 4 |
| TOP OF THE 8TH |
|
Charlotte Hornets batting - Pitching for Knoxville Blue Jays : RHP Jeff Russell
|
|
Batting: RHB Alvaro Espinoza
|
0-0: Ball 1-0: Called Strike 1-1: Ground out 4-3 (Groundball, 34, EV 84.4 MPH)
|
|
Batting: SHB Jose Mota
|
0-0: Called Strike 0-1: Ball 1-1: Swinging Strike 1-2: Ball 2-2: Fly out, F7 (Flyball, 7LD, EV 101.3 MPH)
|
|
Batting: RHB John O'Rear
|
0-0: Called Strike 0-1: Ball 1-1: Swinging Strike 1-2: Strikes out swinging
|
| Top of the 8th over - 0 runs, 0 hits, 0 errors, 0 left on base; Charlotte 1 - Knoxville 4 |
| BOTTOM OF THE 8TH |
|
Knoxville Blue Jays batting - Pitching for Charlotte Hornets : RHP Mark Saunders
|
|
Batting: LHB Joe Bivins
|
0-0: Swinging Strike 0-1: Ball 1-1: Called Strike 1-2: SINGLE (Line Drive, 9S, EV 110.0 MPH)
|
|
Pitching: RHP Earl Weaver
|
|
|
Batting: RHB Brian Asselstine
|
0-0: Foul Ball, location: 2F 0-1: Ball 1-1: Swinging Strike 1-2: Ball Wild Pitch! Joe Bivins to second 2-2: SINGLE (Groundball, 56S, EV 68.1 MPH) (infield hit) Joe Bivins to third
|
|
Batting: LHB Danny Goodwin
|
0-0: Ball 1-0: Ground out U3 (Groundball, 3S, EV 62.5 MPH) Joe Bivins scores Brian Asselstine to second
|
|
Batting: RHB Jerry Royster
|
0-0: Foul Ball, location: 2F 0-1: Called Strike 0-2: Ball 1-2: Ball 2-2: Fly out, F6 (Popup, 56, EV 55.0 MPH)
|
|
Batting: RHB Alex Taveras
|
0-0: Swinging Strike 0-1: Swinging Strike 0-2: Ground out 4-3 (Groundball, 4, EV 85.0 MPH)
|
| Bottom of the 8th over - 1 run, 2 hits, 0 errors, 1 left on base; Charlotte 1 - Knoxville 5 |
| TOP OF THE 9TH |
|
Charlotte Hornets batting - Pitching for Knoxville Blue Jays : RHP Jeff Russell
|
|
Pitching: LHP Jeff Haines
|
|
|
Batting: RHB Charles Stafford
|
0-0: Swinging Strike 0-1: Foul Ball, location: 2F 0-2: Foul Ball, location: 2F 0-2: Foul Ball, location: 2F 0-2: Ball 1-2: Ground out 6-3 (Groundball, 6M, EV 79.4 MPH)
|
|
Batting: RHB Juan Bonilla
|
0-0: Ball 1-0: Ball 2-0: Ground out 6-3 (Groundball, 6, EV 102.5 MPH)
|
|
Batting: RHB Ron Johnson
|
0-0: Foul Ball, location: 2F 0-1: Foul Ball, location: 2F 0-2: Ball 1-2: Foul Ball, location: 2F 1-2: Ball 2-2: Ball 3-2: Strikes out swinging, 2-3 out at first.
|
| Top of the 9th over - 0 runs, 0 hits, 0 errors, 0 left on base; Charlotte 1 - Knoxville 5 |
|